[Event "Titled Tuesday Blitz August 22 Early 2023"]
[White "Bogaudinov, Rushan"]
[Black "Martin Carmona, Gaston Manuel"]
[WhiteFideId "4129288"]
[BlackFideId "22284567"]
[WhiteElo "2408"]
[BlackElo "2518"]
[Result "0-1"]
[Round "5"]
[TimeControl "180+1"]
[Date "2023.08.22"]
[WhiteClock "0:00:44"]
[BlackClock "0:00:43"]
[Board "133"]

1. e4 c5 2. Nf3 d6 3. d4 cxd4 4. Nxd4 Nf6 5. Nc3 g6 6. Be2 Bg7 7. O-O Nc6 8. Nxc6 bxc6 9. Be3 O-O 10. Rb1 a5 11. h3 Ba6 12. Bxa6 Rxa6 13. b3 Qc8 14. Qd2 Qe6 15. Rfe1 Raa8 16. Bh6 Rfd8 17. Bxg7 Kxg7 18. Rbd1 Qe5 19. f4 Qc5+ 20. Qd4 Qxd4+ 21. Rxd4 e5 22. fxe5 dxe5 23. Rc4 Rd2 24. Re2 Rad8 25. Kf2 R8d6 26. Ke1 Rxe2+ 27. Kxe2 Nh5 28. Rc5 Nf4+ 29. Kf3 Rd2 30. Nd1 Rxd1 31. Rxe5 Ne6 32. Rxa5 Nd4+ 33. Kf2 Nxc2 34. Rc5 Rd2+ 35. Kf3 Ne1+ 36. Kf4 Rxa2 37. g4 Nd3+ 0-1


[Site "https://www.chess.com"]

[Event "Titled Tuesday Blitz August 22 Early 2023"]
[White "Prudnykova, Olga"]
[Black "Estrada Nieto, Julian"]
[WhiteFideId "14121093"]
[BlackFideId "5101018"]
[WhiteElo "2404"]
[BlackElo "2516"]
[Result "0-1"]
[Round "5"]
[TimeControl "180+1"]
[Date "2023.08.22"]
[WhiteClock "0:00:57"]
[BlackClock "0:00:43"]
[Board "134"]

1. e4 e5 2. d4 exd4 3. Qxd4 Nc6 4. Qc4 Nf6 5. Nc3 Be7 6. Bf4 d6 7. O-O-O O-O 8. f3 Be6 9. Qe2 Qc8 10. g4 Ne5 11. Qg2 c6 12. h4 b5 13. h5 b4 14. Nce2 Qa6 15. Nd4 Qxa2 16. g5 Nfd7 17. Nxe6 fxe6 18. Bxe5 Nxe5 19. b3 Qa1+ 20. Kd2 Qc3+ 21. Kc1 Nxf3 22. Nxf3 Rxf3 23. Bd3 Raf8 24. h6 Rf2 0-1


[Site "https://www.chess.com"]

[Event "Titled Tuesday Blitz August 22 Early 2023"]
[White "ATM622"]
[Black "Biregina"]
[WhiteElo "2515"]
[BlackElo "2403"]
[Result "0-1"]
[Round "5"]
[TimeControl "180+1"]
[Date "2023.08.22"]
[WhiteClock "0:00:35"]
[BlackClock "0:00:09"]
[Board "135"]

1. d4 c5 2. d5 Nf6 3. c4 b5 4. cxb5 a6 5. e3 e6 6. Bc4 axb5 7. Bxb5 Qa5+ 8. Nc3 Nxd5 9. Ne2 Nxc3 10. Nxc3 Ba6 11. Bxa6 Qxa6 12. a4 Nc6 13. Nb5 Qb7 14. O-O Be7 15. Nd6+ Bxd6 16. Qxd6 Nb4 17. Qxc5 Rc8 18. Qb5 Qxb5 19. axb5 Nd3 20. Bd2 Ke7 21. Ra3 Nxb2 22. Bb4+ d6 23. Ra7+ Kf6 24. Bxd6 Nc4 25. Bb4 Ra8 26. Bc3+ Kg6 27. Rfa1 Rxa7 28. Rxa7 Rb8 29. Kf1 Rxb5 30. Ke2 Nb6 31. Rb7 Nd5 32. Rxb5 Nxc3+ 33. Kd3 Nxb5 34. Kc4 Nd6+ 35. Kd4 f6 36. e4 e5+ 37. Kd5 Nf7 38. g3 h5 39. f4 h4 40. Ke6 exf4 41. gxf4 Nh6 42. h3 Kh5 43. Ke7 g5 44. fxg5 Kxg5 45. Ke6 Ng8 46. Kf7 Kf4 47. Kg6 Kxe4 48. Kh5 f5 49. Kxh4 f4 50. Kg5 f3 51. h4 f2 52. h5 f1=Q 53. h6 Qf5+ 54. Kh4 Nf6 55. Kg3 Qg4+ 56. Kf2 Qf3+ 57. Ke1 Qg2 58. Kd1 Kd3 59. Ke1 Qe2# 0-1


[Site "https://www.chess.com"]

[Event "Titled Tuesday Blitz August 22 Early 2023"]
[White "Kupervaser, Erez"]
[Black "Perez, Maximiliano"]
[WhiteFideId "2814587"]
[BlackFideId "117234"]
[WhiteElo "2400"]
[BlackElo "2515"]
[Result "1-0"]
[Round "5"]
[TimeControl "180+1"]
[Date "2023.08.22"]
[WhiteClock "0:00:14"]
[BlackClock "0:00:00"]
[Board "136"]

1. e4 c5 2. Nf3 Nc6 3. Bb5 g6 4. O-O Bg7 5. c3 Nf6 6. d4 d5 7. e5 Ne4 8. Nfd2 Nxd2 9. Nxd2 O-O 10. Bxc6 bxc6 11. Nb3 c4 12. Nc5 f6 13. f4 Bf5 14. Be3 Qb6 15. b3 cxb3 16. axb3 a5 17. h3 Bc8 18. Qd2 f5 19. Rfb1 Ra7 20. Ra4 Ba6 21. Rba1 Bb5 22. R4a3 Rfa8 23. Bf2 a4 24. bxa4 Bc4 25. Qc1 Bh6 26. Be3 Rb8 27. a5 Qb2 28. Qe1 Kf7 29. Na4 Qb5 30. Nb6 Bd3 31. Qh4 Bg7 32. Qxh7 Rh8 33. Qxh8 Bxh8 34. Nc8 Rc7 35. a6 1-0


[Site "https://www.chess.com"]

[Event "Titled Tuesday Blitz August 22 Early 2023"]
[White "NovozhilovSemen"]
[Black "Spichkin, Alexander"]
[BlackFideId "4144074"]
[WhiteElo "2514"]
[BlackElo "2389"]
[Result "1-0"]
[Round "5"]
[TimeControl "180+1"]
[Date "2023.08.22"]
[WhiteClock "0:02:09"]
[BlackClock "0:01:03"]
[Board "137"]

1. d4 e6 2. c4 f5 3. Nc3 Nf6 4. Qc2 Bb4 5. e3 Ne4 6. Bd3 Bxc3+ 7. bxc3 d5 8. f3 Qh4+ 9. g3 Nxg3 10. Qf2 f4 11. exf4 Nf5 12. Bxf5 Qxf2+ 13. Kxf2 exf5 14. cxd5 c6 15. dxc6 Nxc6 16. Ba3 Be6 17. Ne2 O-O-O 18. h4 Bc4 19. Ng3 g6 20. h5 b5 21. Bc5 a5 22. a3 Kb7 23. Rh4 Ka6 24. Rah1 Rhg8 25. hxg6 hxg6 26. Rh7 b4 27. axb4 axb4 28. Ra1+ 1-0


[Site "https://www.chess.com"]

[Event "Titled Tuesday Blitz August 22 Early 2023"]
[White "Young_Catalan_Player09"]
[Black "Kovalevsky, Stanislav"]
[BlackFideId "13508598"]
[WhiteElo "2384"]
[BlackElo "2514"]
[Result "1-0"]
[Round "5"]
[TimeControl "180+1"]
[Date "2023.08.22"]
[WhiteClock "0:00:39"]
[BlackClock "0:00:11"]
[Board "138"]

1. Nf3 d6 2. c4 e5 3. Nc3 f5 4. d3 Nf6 5. g3 g6 6. Bg2 Bg7 7. O-O O-O 8. Bg5 c6 9. Nd2 h6 10. Bxf6 Qxf6 11. Rb1 Na6 12. b4 Nc7 13. b5 e4 14. Rb3 cxb5 15. dxe4 bxc4 16. Nxc4 Be6 17. Nd5 Bxd5 18. exd5 b6 19. e3 Na6 20. Rb1 Nc5 21. a4 Rab8 22. Na3 a6 23. Nc2 Qc3 24. Nb4 Qa3 25. Nc6 Rb7 26. e4 Nxa4 27. Rb3 Qc5 28. exf5 Rxf5 29. Rf3 Nc3 30. Qd3 Qxd5 31. Qxd5+ Rxd5 32. Rxc3 Rc5 33. Re3 d5 34. Ne7+ Kf7 35. Bxd5+ Rxd5 36. Nxd5 b5 37. Rfe1 Bf8 38. Rf3+ Kg8 39. Re8 Rf7 40. Rxf7 Kxf7 41. Ra8 b4 42. Rxa6 b3 43. Rb6 1-0


[Site "https://www.chess.com"]

[Event "Titled Tuesday Blitz August 22 Early 2023"]
[White "Balabayeva, Xeniya"]
[Black "Rego, Pedro Filipe"]
[WhiteFideId "13719688"]
[BlackFideId "1904310"]
[WhiteElo "2511"]
[BlackElo "2383"]
[Result "1-0"]
[Round "5"]
[TimeControl "180+1"]
[Date "2023.08.22"]
[WhiteClock "0:00:11"]
[BlackClock "0:00:18"]
[Board "139"]

1. e4 e5 2. Nf3 Nc6 3. Bc4 Nf6 4. d3 h6 5. a4 g5 6. Be3 d6 7. Nc3 Bg7 8. h4 g4 9. Nd2 Qe7 10. Qe2 Be6 11. O-O-O O-O-O 12. Nd5 Qd7 13. Nb3 Kb8 14. Qd2 g3 15. f3 Nh5 16. Bb5 Qc8 17. Bxc6 bxc6 18. Nb4 Qb7 19. Na5 Qc8 20. Naxc6+ Ka8 21. Nxd8 Rxd8 22. Nc6 Re8 23. Qa5 Kb7 24. Nxa7 c6 25. Qb6+ Ka8 26. Nxc6 Qd7 27. Qa6+ 1-0


[Site "https://www.chess.com"]

[Event "Titled Tuesday Blitz August 22 Early 2023"]
[White "Konenkin, Dmitry"]
[Black "Glavina, Pablo"]
[WhiteFideId "4185781"]
[BlackFideId "100234"]
[WhiteElo "2375"]
[BlackElo "2510"]
[Result "0-1"]
[Round "5"]
[TimeControl "180+1"]
[Date "2023.08.22"]
[WhiteClock "0:00:11"]
[BlackClock "0:00:56"]
[Board "140"]

1. d4 Nf6 2. Bg5 c5 3. Nc3 d5 4. e3 Nc6 5. Nf3 Bg4 6. Be2 e6 7. Ne5 Bxe2 8. Nxe2 Nxe5 9. dxe5 Qa5+ 10. c3 Ne4 11. Bh4 g5 12. Bg3 Bg7 13. Qb3 O-O-O 14. f4 h5 15. O-O-O h4 16. Be1 c4 17. Qa3 Qxa3 18. bxa3 g4 19. Nd4 h3 20. g3 Nc5 21. Nb5 Kd7 22. Kc2 a6 23. Nd6 Ke7 24. Rb1 b5 25. e4 Nxe4 26. Nxe4 dxe4 27. Bf2 f5 28. exf6+ Bxf6 29. Rhe1 Rd3 30. Re3 Rhd8 31. Bg1 Rd2+ 32. Kc1 Rd1+ 33. Kb2 Rxb1+ 34. Kxb1 Rd1+ 35. Kc2 Rxg1 0-1


[Site "https://www.chess.com"]

[Event "Titled Tuesday Blitz August 22 Early 2023"]
[White "Ozalp, Burak"]
[Black "Warchol, Kamil"]
[WhiteFideId "6314210"]
[BlackFideId "21858241"]
[WhiteElo "2373"]
[BlackElo "2510"]
[Result "1-0"]
[Round "5"]
[TimeControl "180+1"]
[Date "2023.08.22"]
[WhiteClock "0:00:16"]
[BlackClock "0:00:00"]
[Board "141"]

1. e4 c5 2. Nc3 a6 3. a3 b5 4. Nf3 Bb7 5. d4 cxd4 6. Nxd4 e6 7. Bd3 Qb6 8. Nf3 Nc6 9. O-O d6 10. Re1 Be7 11. Be3 Qc7 12. Nd5 exd5 13. exd5 Ne5 14. Nxe5 dxe5 15. Qg4 Nf6 16. Qxg7 Rg8 17. Qh6 Bxd5 18. g3 O-O-O 19. Bf5+ Be6 20. Bxe6+ fxe6 21. Rad1 Rxd1 22. Rxd1 Rd8 23. Rxd8+ Qxd8 24. Qg7 Qf8 25. Qg5 Nd7 26. Qh5 Qf5 27. Qe8+ Bd8 28. Qg8 Qg6 29. Qh8 Kc7 30. c3 Nf6 31. Qf8 Nd7 32. Qb4 Qb1+ 33. Kg2 Qd3 34. a4 Qd5+ 35. Kg1 Kb7 36. axb5 axb5 37. b3 Bb6 38. c4 Qd1+ 39. Kg2 Bxe3 40. fxe3 Qe2+ 41. Kh3 Qxe3 42. Qxb5+ Nb6 43. c5 e4 44. Qxb6+ Kc8 45. Qc6+ Kb8 46. Qb6+ Kc8 47. Qxe6+ Kb8 48. Qb6+ Kc8 49. Qe6+ Kb8 50. c6 Kc7 51. Qd7+ Kb6 52. Qd6 Qe2 53. c7+ Kb5 54. Qd5+ Kb4 55. c8=Q Qh5+ 56. Qxh5 1-0


[Site "https://www.chess.com"]

[Event "Titled Tuesday Blitz August 22 Early 2023"]
[White "Dinosaurio_1975"]
[Black "Wang2007"]
[WhiteElo "2509"]
[BlackElo "2368"]
[Result "0-1"]
[Round "5"]
[TimeControl "180+1"]
[Date "2023.08.22"]
[WhiteClock "0:00:16"]
[BlackClock "0:00:01"]
[Board "142"]

1. e4 c5 2. Nf3 d6 3. Bb5+ Bd7 4. Bxd7+ Qxd7 5. O-O Nc6 6. c3 Nf6 7. Re1 e6 8. d4 cxd4 9. cxd4 d5 10. e5 Ne4 11. a3 Be7 12. Nbd2 Nxd2 13. Bxd2 O-O 14. Rc1 f6 15. exf6 Rxf6 16. Bg5 Rf7 17. Bxe7 Qxe7 18. Re3 Raf8 19. Qe2 Rf6 20. Re1 Qd7 21. Rxe6 Rxf3 22. gxf3 Nxd4 23. Qe3 Nxf3+ 24. Kh1 Nxe1 25. Qxe1 Qf7 26. Kg1 Qf3 27. Re3 Qg4+ 28. Rg3 Qd4 29. Qe6+ Kh8 30. Qe2 Qf6 31. Kg2 a6 32. Rf3 Qg6+ 33. Rg3 Qb6 34. Qd2 h6 35. b4 Qf6 36. Qe2 Qf5 37. h3 d4 38. Kg1 Qb1+ 39. Kg2 Qf5 40. Kg1 Qf4 41. Kg2 b6 42. Kg1 a5 43. Kg2 axb4 44. axb4 Qd6 45. Qb5 Qf4 46. Qe2 Qf5 47. Kg1 Qb1+ 48. Kg2 Qxb4 49. Qe5 Rf7 50. Qd5 Re7 51. Qf5 Re8 52. Qd7 Re7 53. Qd8+ Kh7 54. Qf8 Qd6 55. Rxg7+ Rxg7+ 0-1


[Site "https://www.chess.com"]

[Event "Titled Tuesday Blitz August 22 Early 2023"]
[White "Koutlas, Nikolaos"]
[Black "kaanadayhamle"]
[WhiteFideId "25827138"]
[WhiteElo "2508"]
[BlackElo "2338"]
[Result "1-0"]
[Round "5"]
[TimeControl "180+1"]
[Date "2023.08.22"]
[WhiteClock "0:00:08"]
[BlackClock "0:00:26"]
[Board "144"]

1. Nf3 Nf6 2. c4 e6 3. Nc3 d5 4. d4 Bb4 5. Qa4+ Nc6 6. e3 O-O 7. Bd3 Bd7 8. Qc2 Ne7 9. O-O Ng6 10. a3 Bxc3 11. Qxc3 dxc4 12. Bxc4 Bc6 13. b4 Bxf3 14. gxf3 Nd5 15. Qc2 Nh4 16. f4 Qf6 17. Kh1 c6 18. Qe4 Qh6 19. Be2 Nc3 20. Qd3 Nxe2 21. Qxe2 Qg6 22. f3 Qh5 23. Bd2 Rfd8 24. Rf2 Rd5 25. Rg1 Ng6 26. Rfg2 Qh4 27. Rg4 Qf6 28. Bc3 h5 29. Rg5 Rxg5 30. Rxg5 h4 31. Qg2 Rd8 32. h3 Rd5 33. Qg4 Rxg5 34. Qxg5 Qxg5 35. fxg5 Ne7 36. e4 f6 37. gxf6 gxf6 38. Kg2 Kf7 39. Bd2 Ng6 40. f4 f5 41. Kf3 Ke7 42. e5 Kf7 43. Be1 Ke7 44. Ke3 Kd7 45. Kf3 Kc7 46. a4 Kb6 47. Bf2 Kc7 48. Be3 a6 49. a5 Kd7 50. Bf2 Ke7 51. Be1 Kf7 52. Ke3 Ke7 53. Bd2 Kd7 54. Kf3 Ne7 55. Be1 Ng6 56. Ke3 Kc7 57. Bf2 b6 58. Kf3 bxa5 59. bxa5 Kb7 60. Bxh4 Nxh4+ 61. Kg3 Ng6 62. h4 c5 63. dxc5 Kc6 64. h5 Nf8 65. Kh4 Kxc5 66. Kg5 Kb5 67. h6 Kxa5 68. Kf6 Kb4 69. Kg7 Nh7 70. Kxh7 a5 71. Kg7 a4 72. h7 a3 73. h8=Q a2 74. Qa8 Kb3 75. Kf6 Kb2 76. Kxe6 a1=Q 77. Qxa1+ Kxa1 78. Kxf5 1-0


[Site "https://www.chess.com"]

[Event "Titled Tuesday Blitz August 22 Early 2023"]
[White "arenal72"]
[Black "Pavlidis, Anastasios"]
[BlackFideId "4208404"]
[WhiteElo "2508"]
[BlackElo "2318"]
[Result "0-1"]
[Round "5"]
[TimeControl "180+1"]
[Date "2023.08.22"]
[WhiteClock "0:00:00"]
[BlackClock "0:00:09"]
[Board "145"]

1. e4 d6 2. d4 Nf6 3. Nc3 Nbd7 4. Nge2 e5 5. h3 c6 6. g4 h6 7. Bg2 Be7 8. O-O b5 9. a3 a5 10. Be3 Rb8 11. Ng3 g6 12. f4 h5 13. g5 Ng8 14. h4 f6 15. b4 exf4 16. Bxf4 fxg5 17. hxg5 Bxg5 18. Qf3 Bxf4 19. Qxf4 Qf6 20. Qxf6 Ngxf6 21. e5 dxe5 22. dxe5 Ng4 23. Bxc6 Nxe5 24. Rae1 Kd8 25. Bxb5 axb4 26. axb4 h4 27. Nge4 h3 28. Nd6 h2+ 29. Kh1 Rh3 30. Rxe5 Nxe5 31. Nd5 Rxb5 32. Rf8+ Kd7 33. Nxb5 Bb7 34. Nc7 Ng4 35. Rf7+ Kd6 36. c4 Rg3 37. Nb5+ Ke5 38. Rf1 Bxd5+ 39. cxd5 Kxd5 40. Nc7+ Kc6 41. Ne6 Kd5 42. Nf4+ Ke4 43. Nxg6 Ne3 44. Rf4+ Kd3 45. Ne5+ Ke2 46. Kxh2 Rg5 47. Nf7 Rh5+ 48. Kg3 Rg5+ 49. Kh4 Rg7 50. Nh6 Ng2+ 0-1


[Site "https://www.chess.com"]

[Event "Titled Tuesday Blitz August 22 Early 2023"]
[White "Mazurkiewicz, Michal"]
[Black "Osinovsky, Stepan"]
[WhiteFideId "1124943"]
[BlackFideId "4157354"]
[WhiteElo "2507"]
[BlackElo "2315"]
[Result "1-0"]
[Round "5"]
[TimeControl "180+1"]
[Date "2023.08.22"]
[WhiteClock "0:00:57"]
[BlackClock "0:00:04"]
[Board "146"]

1. e4 e5 2. Nf3 Nc6 3. Bb5 a6 4. Bxc6 dxc6 5. O-O f6 6. d4 exd4 7. Nxd4 c5 8. Nb3 Qxd1 9. Rxd1 Bg4 10. f3 Bd7 11. Nc3 O-O-O 12. Bf4 c4 13. Na5 b5 14. Nd5 Bc5+ 15. Kf1 c6 16. b4 Ba7 17. Nc7 Ne7 18. Nxa6 Be6 19. Ke2 Bb6 20. Bd6 Rd7 21. Bxe7 Rxe7 22. Nxc6 Kb7 23. Nxe7 Kxa6 24. Rd6 Bf7 25. a4 Rd8 26. Rxd8 Bxd8 27. Nc6 Bc7 28. c3 Kb6 29. axb5 Bxh2 30. Nd4 Be5 31. Ra6+ Kb7 32. Ke3 g5 33. Nc6 Bxc3 34. Ra7+ Kb6 35. Rxf7 Kxb5 36. Nd4+ Kxb4 37. Rb7+ Kc5 38. Rc7+ Kb4 39. Rb7+ Kc5 40. Rb5+ Kd6 41. Rd5+ Ke7 42. Nf5+ Kf7 43. Rd7+ Kg6 44. Rg7+ Kh5 45. g4# 1-0


[Site "https://www.chess.com"]

[Event "Titled Tuesday Blitz August 22 Early 2023"]
[White "Gogolev, Artem"]
[Black "Juicy_Fork"]
[WhiteFideId "4116615"]
[WhiteElo "2505"]
[BlackElo "2313"]
[Result "1-0"]
[Round "5"]
[TimeControl "180+1"]
[Date "2023.08.22"]
[WhiteClock "0:00:05"]
[BlackClock "0:00:00"]
[Board "147"]

1. d4 Nf6 2. c4 g6 3. Nf3 Bg7 4. Nc3 O-O 5. Bg5 d6 6. e3 c5 7. Be2 h6 8. Bh4 Qb6 9. O-O Nc6 10. d5 Nb8 11. Qc2 Bg4 12. a3 Nbd7 13. h3 Bxf3 14. Bxf3 a6 15. Rab1 Qc7 16. b4 cxb4 17. Rxb4 a5 18. Nb5 Qc5 19. Rbb1 Ne5 20. Be2 Nxd5 21. Nd4 Nf6 22. Rxb7 Qxa3 23. Rxe7 Rfb8 24. Nb5 Qc5 25. Rc7 Qb6 26. Rd1 Ne8 27. Re7 Bf8 28. f4 Bxe7 29. Bxe7 Qxe3+ 30. Kh1 Nxc4 31. Bxc4 Qxe7 32. Qxg6+ Ng7 33. Qxh6 a4 34. Nxd6 Rf8 35. Bd3 f5 36. Bc4+ Rf7 37. Bxf7+ Qxf7 38. Nxf7 Kf8 39. Qd6+ Kg8 40. Qd5 Rb8 41. Ng5+ 1-0


[Site "https://www.chess.com"]

[Event "Titled Tuesday Blitz August 22 Early 2023"]
[White "Korelskiy, Egor"]
[Black "Wimalasuriya, Kasun M."]
[WhiteFideId "34329064"]
[BlackFideId "9906789"]
[WhiteElo "2504"]
[BlackElo "2305"]
[Result "1-0"]
[Round "5"]
[TimeControl "180+1"]
[Date "2023.08.22"]
[WhiteClock "0:02:40"]
[BlackClock "0:02:28"]
[Board "148"]

1. e4 c5 2. Nf3 d6 3. d4 cxd4 4. Qxd4 Nf6 5. c4 Nc6 6. Qe3 g6 7. Nc3 Bg7 8. h3 O-O 9. Be2 Nd7 10. O-O a5 11. Rb1 a4 12. Rd1 Qa5 13. Nd5 Re8 14. Bd2 Qc5 15. Nc7 1-0


[Site "https://www.chess.com"]

[Event "Titled Tuesday Blitz August 22 Early 2023"]
[White "slidingknight2775"]
[Black "ZeGood_ZeBad_ZeUgly"]
[WhiteElo "2503"]
[BlackElo "2257"]
[Result "1/2-1/2"]
[Round "5"]
[TimeControl "180+1"]
[Date "2023.08.22"]
[WhiteClock "0:00:06"]
[BlackClock "0:00:05"]
[Board "149"]

1. d4 d5 2. Nf3 Nf6 3. c4 c6 4. Nc3 e6 5. g3 Nbd7 6. Bg2 Bd6 7. O-O dxc4 8. Bg5 h6 9. Bxf6 Qxf6 10. e3 Qe7 11. Nd2 Nb6 12. Qe2 e5 13. Nxc4 Nxc4 14. Qxc4 O-O 15. d5 b5 16. Qb3 b4 17. Ne4 c5 18. Rfc1 Bd7 19. a4 a5 20. Qc2 Rac8 21. b3 f5 22. Nxd6 Qxd6 23. f4 e4 24. Rd1 Be8 25. g4 g6 26. Kh1 Kh7 27. gxf5 gxf5 28. Bh3 Bh5 29. Rg1 Bf3+ 30. Bg2 Bxg2+ 31. Qxg2 Rg8 32. Qd2 Rxg1+ 33. Rxg1 Rg8 34. Rg3 Rxg3 35. hxg3 Kg6 36. Kg2 h5 37. Qd1 Kh6 38. Kh3 Kg6 39. Kh4 Qf6+ 40. Kh3 Qd6 41. Kh2 Kh6 42. Qd2 Kg6 43. Kg2 Kh6 44. Kf2 Kg6 45. Ke1 Kh6 46. Kd1 Kg6 47. Kc2 Kh6 48. Qd1 Kg6 49. Qd2 Kh6 50. Qd1 Kg6 51. Qd2 1/2-1/2


[Site "https://www.chess.com"]

[Event "Titled Tuesday Blitz August 22 Early 2023"]
[White "Thiel, Thomas"]
[Black "Yedidia, Daniel"]
[WhiteFideId "4615964"]
[BlackFideId "30905907"]
[WhiteElo "2244"]
[BlackElo "2501"]
[Result "0-1"]
[Round "5"]
[TimeControl "180+1"]
[Date "2023.08.22"]
[WhiteClock "0:00:00"]
[BlackClock "0:00:04"]
[Board "150"]

1. e4 e5 2. Nf3 Nc6 3. d4 exd4 4. Nxd4 Nf6 5. Nxc6 bxc6 6. e5 Qe7 7. Qe2 Nd5 8. h4 a5 9. g3 Nb6 10. Qe3 Ba6 11. Bxa6 Rxa6 12. O-O g6 13. Qe2 Ra8 14. Bg5 Qe6 15. Bf6 Rg8 16. Nc3 d5 17. exd6 Qxe2 18. Nxe2 cxd6 19. Rad1 Kd7 20. Nc3 Kc7 21. Ne4 d5 22. Ng5 Bg7 23. Bxg7 Rxg7 24. Rfe1 Kd7 25. b3 f6 26. Ne4 Rf7 27. c4 Kc7 28. cxd5 cxd5 29. Rc1+ Kd7 30. Nc5+ Kd8 31. Ne6+ Kd7 32. Rc7+ Ke8 33. Rc6 Rb8 34. Ng5+ Re7 35. Rxe7+ Kxe7 36. Nxh7 f5 0-1


[Site "https://www.chess.com"]

[Event "Titled Tuesday Blitz August 22 Early 2023"]
[White "Balint, Vilmos"]
[Black "only_strong_moves"]
[WhiteFideId "718050"]
[WhiteElo "2236"]
[BlackElo "2500"]
[Result "0-1"]
[Round "5"]
[TimeControl "180+1"]
[Date "2023.08.22"]
[WhiteClock "0:00:56"]
[BlackClock "0:00:03"]
[Board "151"]

1. e4 e6 2. d4 d5 3. Nc3 Bb4 4. exd5 exd5 5. Bd3 Nf6 6. Ne2 Bg4 7. f3 Bh5 8. O-O O-O 9. Bg5 c6 10. Qe1 Bg6 11. Bxg6 hxg6 12. Qh4 Nbd7 13. a3 Bxc3 14. Nxc3 Qb6 15. Rab1 Rfe8 16. Kh1 Nh7 17. Bd2 Re6 18. b4 Rae8 19. Rfe1 g5 20. Qf2 Rxe1+ 21. Rxe1 Rxe1+ 22. Bxe1 a5 23. Na4 Qb5 24. Nc5 Nxc5 25. dxc5 axb4 26. axb4 Qc4 27. h3 Nf6 28. Qe3 d4 29. Qd3 Qxd3 30. cxd3 Nd5 31. Kg1 Nf4 32. Bd2 Nxd3 33. Kf1 f6 34. g3 Kf7 35. Ke2 Ne5 36. f4 gxf4 37. gxf4 Nc4 38. Be1 Ne3 39. Kd3 Nd5 40. Bd2 Ke6 41. Kxd4 Kf5 42. b5 Ne7 43. Kc4 Nd5 44. Kd4 Nxf4 45. h4 Ne6+ 46. Kc4 Ke5 47. h5 f5 48. h6 gxh6 49. Bxh6 f4 50. bxc6 bxc6 51. Kb4 Ke4 52. Kc4 f3 0-1


[Site "https://www.chess.com"]

[Event "Titled Tuesday Blitz August 22 Early 2023"]
[White "parintele_chess"]
[Black "Kuzmin, Roman"]
[BlackFideId "44134932"]
[WhiteElo "2233"]
[BlackElo "2499"]
[Result "0-1"]
[Round "5"]
[TimeControl "180+1"]
[Date "2023.08.22"]
[WhiteClock "0:00:00"]
[BlackClock "0:00:16"]
[Board "152"]

1. d4 Nf6 2. c4 e6 3. Nc3 d5 4. cxd5 exd5 5. Bg5 Nbd7 6. e3 c6 7. Bd3 Be7 8. Qc2 O-O 9. Nf3 Re8 10. O-O Nf8 11. Ne5 Ng4 12. Bf4 Bd6 13. Nxg4 Bxf4 14. exf4 Bxg4 15. h3 Bd7 16. Rae1 Qf6 17. Qd2 g6 18. Bb1 Bf5 19. Bxf5 Qxf5 20. Re5 Qf6 21. Rfe1 Re6 22. f5 Rxe5 23. Rxe5 Nd7 24. Re1 Qxf5 25. Qe3 Qf6 26. Ne2 Nf8 27. Nf4 Rd8 28. g3 Qd6 29. Qf3 b6 30. Qg4 c5 31. dxc5 bxc5 32. h4 Qd7 33. Qg5 Ne6 34. Nxe6 fxe6 35. Qf6 Re8 36. h5 Qf7 37. Qg5 Qf5 38. Qe3 d4 39. Qb3 gxh5 40. Qb7 Qf7 0-1


[Site "https://www.chess.com"]

[Event "Titled Tuesday Blitz August 22 Early 2023"]
[White "Kriti Mayur Patel"]
[Black "Devaev, Alexander"]
[WhiteFideId "35061780"]
[BlackFideId "4169395"]
[WhiteElo "2097"]
[BlackElo "2495"]
[Result "0-1"]
[Round "5"]
[TimeControl "180+1"]
[Date "2023.08.22"]
[WhiteClock "0:00:27"]
[BlackClock "0:00:24"]
[Board "153"]

1. e4 c6 2. d4 d5 3. exd5 cxd5 4. Bd3 Nc6 5. c3 g6 6. Bf4 Bf5 7. Nf3 Nf6 8. O-O e6 9. Bb5 Nd7 10. Qa4 Qb6 11. Ne5 Ndxe5 12. Bxe5 Rg8 13. Nd2 a6 14. Bxc6+ bxc6 15. c4 Bb4 16. c5 Qb5 17. Qxb5 axb5 18. Nb3 Bd3 19. Rfd1 Bc2 20. Rdc1 Bxb3 21. axb3 Kd7 22. Kf1 Ke7 23. Ke2 f6 24. Bd6+ Kd7 25. Kd3 Rge8 26. f4 Rec8 27. g3 Ke8 28. Rf1 Kf7 29. Rfc1 Ba5 30. Ke3 Bd8 31. Kf3 h6 32. Re1 Be7 33. Bxe7 Kxe7 34. Red1 Kd7 35. Rdc1 Re8 36. Ke3 Kc7 37. Kd3 Kb7 38. Re1 Rxa1 39. Rxa1 e5 40. Re1 e4+ 41. Ke3 b4 42. Rf1 f5 43. Ra1 Rf8 44. Ra4 Rg8 45. Rxb4+ Kc7 46. Rb6 g5 47. Ra6 Kb7 48. Rb6+ Kc7 49. Ra6 gxf4+ 50. Kxf4 Kb7 51. Rb6+ Kc7 52. Ra6 Rb8 53. Ra7+ Rb7 54. Ra3 Rb4 55. Ra1 Rxd4 56. Re1 Rb4 57. Kxf5 Rxb3 58. Ke5 Rxb2 59. Kd4 Rxh2 60. g4 Rg2 61. Re3 Rxg4 62. Rh3 Rg6 63. Rh5 Kd7 64. Ke5 Re6+ 65. Kd4 e3 66. Rh2 e2 67. Rxe2 Rxe2 68. Kd3 Re4 69. Kc3 Ke6 70. Kb3 Kf5 71. Ka3 h5 72. Kb3 h4 73. Ka3 h3 74. Kb3 h2 75. Ka3 h1=Q 76. Kb3 Qf3+ 77. Ka2 Re2+ 78. Ka1 Qf1# 0-1


[Site "https://www.chess.com"]

[Event "Titled Tuesday Blitz August 22 Early 2023"]
[White "cthake"]
[Black "Mrithyunjay Mahadevan"]
[BlackFideId "45003521"]
[WhiteElo "1844"]
[BlackElo "2490"]
[Result "0-1"]
[Round "5"]
[TimeControl "180+1"]
[Date "2023.08.22"]
[WhiteClock "0:00:00"]
[BlackClock "0:02:25"]
[Board "154"]

1. e4 c5 2. Nc3 e6 3. f4 Nc6 4. Nf3 d5 5. Bb5 d4 6. Ne2 Bd7 7. d3 Nge7 8. O-O a6 9. Bxc6 Nxc6 10. Qe1 f6 11. Kh1 Qc7 12. Qh4 O-O-O 13. a3 Be7 14. Qe1 h6 15. Rb1 g5 16. b4 cxb4 17. axb4 gxf4 18. Bxf4 e5 19. Bd2 Kb8 20. c4 dxc3 21. Bxc3 Na7 22. Ba1 Bb5 23. d4 Qc2 24. Rf2 Qxe4 25. dxe5 Nc6 26. exf6 Bxb4 27. Qf1 Rhf8 28. Ne1 Qxb1 0-1


[Site "https://www.chess.com"]

[Event "Titled Tuesday Blitz August 22 Early 2023"]
[White "Delorme, Axel"]
[Black "Shuvalova, Polina"]
[WhiteFideId "632023"]
[BlackFideId "24171760"]
[WhiteElo "2406"]
[BlackElo "2638"]
[Result "0-1"]
[Round "5"]
[TimeControl "180+1"]
[Date "2023.08.22"]
[WhiteClock "0:01:27"]
[BlackClock "0:00:37"]
[Board "155"]

1. d4 Nf6 2. Nf3 d5 3. g3 c6 4. Bg2 Bf5 5. O-O Nbd7 6. c4 e6 7. Nc3 h6 8. Ne5 Be7 9. Qb3 Qb6 10. Nxd7 Nxd7 11. e4 dxe4 12. Nxe4 O-O 13. Be3 Rfd8 14. Rfd1 Nf6 15. Nc5 Bxc5 16. dxc5 Qxb3 17. axb3 Rxd1+ 18. Rxd1 Bc2 19. Rc1 Bxb3 20. Rc3 Bd1 21. h3 Rd8 22. Kf1 Bh5 23. g4 Bg6 24. Ke2 Kf8 25. Bf4 Ne8 26. Rb3 Rd7 27. Bb8 a6 28. f4 f6 29. Ke3 Bc2 30. Rc3 Bg6 31. Be4 Bxe4 32. Kxe4 Ke7 33. h4 g6 34. f5 Kf7 35. fxg6+ Kxg6 36. Bf4 e5 37. Be3 Nc7 38. g5 hxg5 39. hxg5 Ne6 40. gxf6 Kxf6 41. b4 Rh7 42. Rc1 Rh4+ 43. Kd3 e4+ 44. Kc3 Rh3 45. Rf1+ Ke5 46. Kd2 Rh2+ 47. Kc3 Re2 48. Bg1 Nf4 49. Bd4+ Kf5 50. b5 e3 51. b6 Ke4 52. Bg7 Rf2 0-1


[Site "https://www.chess.com"]

[Event "Titled Tuesday Blitz August 22 Early 2023"]
[White "Fernandez Garcia, Gumersindo"]
[Black "Gimenez Aguirre, Alejo Ismael"]
[WhiteFideId "24516740"]
[BlackFideId "32041667"]
[WhiteElo "2411"]
[BlackElo "2592"]
[Result "0-1"]
[Round "5"]
[TimeControl "180+1"]
[Date "2023.08.22"]
[WhiteClock "0:00:41"]
[BlackClock "0:01:16"]
[Board "156"]

1. d4 Nf6 2. c4 e6 3. Nf3 Bb4+ 4. Bd2 a5 5. g3 b6 6. Bg2 Bb7 7. O-O O-O 8. Nc3 d5 9. cxd5 Nxd5 10. Nxd5 Bxd5 11. a3 Be7 12. Bc3 Nd7 13. e3 c5 14. dxc5 Nxc5 15. Nd4 Bxg2 16. Kxg2 Qd5+ 17. Qf3 Rfd8 18. Rfd1 Bf6 19. h4 Ne4 20. Ne2 Qf5 21. Qxf5 exf5 22. Bxf6 Nxf6 23. Nd4 g6 24. Rac1 Rac8 25. b4 axb4 26. axb4 Kg7 27. b5 Rc5 28. Ra1 Rd7 29. Rdb1 Ne4 30. Ra6 Rb7 31. Rba1 Nd6 32. Ra7 Rxa7 33. Rxa7 Kf6 34. Ra6 Nc4 35. Kf3 h6 36. Ke2 g5 37. hxg5+ hxg5 38. Kd3 Ne5+ 39. Ke2 Nd7 40. Ra7 Rd5 41. Rb7 Rd6 42. Kd3 Nc5+ 0-1


[Site "https://www.chess.com"]